[Event "Metz op 31th"]
[Site "Metz"]
[Date "2013.04.25"]
[Round "9"]
[White "Svetushkin, Dmitry"]
[Black "Gharamian, Tigran"]
[Result "1/2-1/2"]
[ECO "B38"]
[WhiteElo "2588"]
[BlackElo "2663"]
[Annotator "Metz Alekhine/Primel,D"]
[PlyCount "94"]
[EventDate "2013.04.20"]
[EventType "swiss"]
[EventRounds "9"]
[EventCountry "FRA"]
[SourceTitle "EXT 2016"]
[Source "ChessBase"]
[SourceDate "2015.10.08"]
[SourceVersion "1"]
[SourceVersionDate "2015.10.08"]
[SourceQuality "1"]
[TimeControl "40/5400:1800+30"]
[WhiteClock "1:30:00"]
[BlackClock "1:30:00"]

1. e4 c5 2. Nf3 g6 3. d4 cxd4 4. Nxd4 Bg7 5. c4 Nc6 6. Be3 Nf6 7. Nc3 O-O 8.
Be2 d6 9. O-O Bd7 10. f3 (10. Qd2 {La grande ligne restreint les options des
noirs} Nxd4 11. Bxd4 Bc6 12. f3 a5 13. b3 Nd7 14. Be3 Nc5 15. Rab1 Qb6 {
Primel,D -Bernard,C (2255) Plancoet op 10th 2013 (9) 1/2-1/2}) 10... Qb6 $1 {
[%csl Rd4,Re3][%cal Gg7d4,Gf6e4] Le nordiste était sorti de sa préparation
puisqu'il avait déjà  dépensé près de 40 mns à  la pendule} (10... a6
11. Qd2 Qa5 12. Nc2 Rfc8 13. Rac1 {Godena,M (2545)-Lefebvre,H (2315) FRA-chT
9697 fin 1997 (11) 1/2-1/2} (13. Rab1) (13. b4 $5 $146 Qd8 (13... Nxb4 14. Nd5
Nfxd5 $1 15. exd5 Bxa1 16. Rxa1 Nc6 17. dxc6 Qxd2 18. Bxd2 bxc6 19. Bc3 (19.
Rb1 Rab8)))) 11. Ncb5 (11. Na4) (11. Kh1) 11... a6 (11... Nxd4 12. Bxd4 Qa5 13.
Bc3 Qb6+ 14. Bd4 Qa5 15. Bc3 {1/2-1/2 (15) Erenburg,S (2523)-Bu Xiangzhi (2606)
Reykjavik 2004}) 12. Nc2 Qa5 (12... Qd8) 13. Nc3 Rfc8 14. Qd2 Ne5 {[%csl Rc4]
Une nouveauté dans cet ordre de coups mais en fait, la partie a transposé
dans la variante 11. Qa5, les coups Ncb5 et Qb6 en moins.} (14... Be6 15. Nd5
Qxd2 16. Bxd2 Nxd5 17. exd5 Nd4 18. Nxd4 Bxd4+ 19. Kh1 Bd7 20. Rac1 {Nikcevic,
N (2488)-Velimirovic,D (2558) YUG-Cup Herceg Novi 2000 (5) 1/2}) 15. c5 $5 {
Un sacrifice thématique dans cette structure pour essayer de profiter du
manque de protection du Bd7} (15. b4 $5 Qd8 (15... Qc7 16. Na3 )
16. Na3) 15... dxc5 {Relevant le gant mais les Blancs ont des bonnes
compensations. Les Blancs ont néanmoins dépensé beaucoup de temps à
calculer les variantes et il restait à peine 15 mns au nordiste pour passer
le contrôle de temps} 16. f4 Neg4 (16... Nc6 17. e5 Rd8 18. exf6 Bxf6) 17. e5 $36 Rd8 $1 $13 18. exf6 $5 {La menace aurait été plus forte avec la Rf8} Bf5 (18... Nxe3 19. Qxe3 Bxf6 20. Nd5 $16)
19. Qe1 (19. Qc1 Nxf6 $44) (19. Nd5 $5 Qxd2 20. Nxe7+ Kf8 21. fxg7+ Kxe7 22.
g8=N+ $1 {La pointe!} Kf8 (22... Rxg8 23. Bxd2 Rgd8 24. Ba5 $40 ) 23. Bxd2 Rxd2 24. Bxg4 Bxg4 25. Nf6 Rxc2 26. Nxg4 Rxb2 {[%csl Gb2,Gc5]
Malgré la pièce de plus, le gain n'est pas facile pour les Blancs} 27. Rf2 $1
Rxf2 28. Kxf2 b5 29. Ke3 c4 $44) 19... Nxf6 (19... Bxf6 $143 20. Nd5) 20. Rc1
Qc7 21. a4 (21. Na4 Nd5) 21... Rac8 22. h3 Qb6 23.
g4 {[%csl Rg1] La suite logique du coup h3 mais ce plan est assez risqué} (23.
b4 $6 Qe6 24. Bxc5 Nd7 $132 ) (23. a5 $5 Qxb2 (23... Qxa5) 24. Na4 Qa2 25. Nb6 Bxc2 26.
Nxc8 Rxc8 27. Qd2 Bb3 28. Qxa2 Bxa2 29. Bxc5 ) 23...
Bd3 24. Bxd3 Rxd3 25. Qe2 Rcd8 $132 {[%csl Gd3,Gd8] Les pièces Noires sont
mieux coordonnées mais il faut encore activer le B pour prendre l'avantage.}
26. Ne1 R3d6 (26... Nxg4 $5 27. Nxd3 (27. hxg4 Rxe3 28. Qxe3 Bd4) 27... Nxe3 28. Rfe1 Bd4 $36 ) 27. Nf3 (27. Qc4 $5 Nd7 28. Nd5 ) 27... Nd5 28. Nxd5 Rxd5 29. Rfd1 (29.
b4 $5 Qxb4 30. Rc4 {L'idée du sacrifice pour gagner un tempo
et doubler les R pour faire pression sur la faiblesse "c5"} Qb6 31. Rfc1 Rc8
32. Qf2 $36 ) 29... Qxb2 30. Kf1 Qa3 31. Kf2 Qxa4 $44 32. Rxd5 Rxd5 {(=)} 33. Rxc5 (33. Bxc5) 33... Rxc5 34. Bxc5
Qxf4 (34... e6) 35. Qxe7 Qb8 $13 {Début d'une finale complexe car si la
majorité de l'aile-dame donne des compensations aux Noirs, le couple Q+ N
peut aussi donner des chances d'attaque à  l'aile-roi} 36. Qd7 (36. Ng5 $1 {
[%cal Gg5f7] Un coup candidat naturel pour activer le couple N+Q} Qh2+ $2 {
Les Blancs ont probablement surestimé cet échec car le K Blanc peut
bizarrement s'abriter en montant} (36... Qf8 37. Qc7 Qe8 38. Qxb7 $36) 37. Kf3
Qh1+ 38. Kg3 $18) 36... b5 {La majorité est encore loin mais les Noirs
doivent jouer activement pour faire diversion} 37. Bd6 $6 {Perd un temps pour
empêcher l'échec Qh2} (37. Ng5 $142 h6 38. Qxf7+ Kh8 39. Nf3 Qc8 40. Bd6 Qc2+
41. Kg3 a5 42. Qe8+ Kh7 43. Qxb5) 37... Qb6+ 38. Kg2 h6 $1 {Les Blancs ont
laissé passer leur chance car il n'y a plus la menace Ng5} 39. g5 (39. Ne5 Kh7
40. Nxf7 Qe3 41. Bg3 b4 $132) 39... Qe3 (39... h5 40. Qe8+ Kh7 41. Qe7 a5) 40.
gxh6 Bxh6 41. Be5 (41. Qd8+ Kh7 42. Be5 Bg7 (42... Qe2+ 43. Kg3
$18) 43. Ng5+ Kh6 44. Nxf7+ {Gagne un P mais la position trop exposé du K
Blanc force la répétition de coups} Kh7 45. Ng5+) 41... Qc5 42. Bd6 Qd5 $1
$11 {[%csl Gd5][%cal Gd5f7,Ga6a5,Gd5b5,Gb5b4] Un coup multifonction qui tient
la position} 43. Qc8+ Kh7 44. Qxa6 Qe6 45. Kg3 b4 46. Qd3 Qd7 {Renouvelle le
clouage!} 47. Qd4 b3 $1 1/2-1/2

[Event "Sautron op 18th"]
[Site "Sautron "]
[Date "2018.10.26"]
[Round "7.1"]
[White "Rausis, Igors"]
[Black "Bogdanov, Egor"]
[Result "1/2-1/2"]
[ECO "B38"]
[WhiteElo "2651"]
[BlackElo "2389"]
[Annotator "Primel,D"]
[PlyCount "137"]
[EventDate "2018.10.20"]
[EventType "swiss"]
[EventRounds "9"]
[EventCountry "FRA"]
[SourceTitle "EXT 2021"]
[Source "ChessBase"]
[SourceDate "2020.10.23"]
[SourceVersion "1"]
[SourceVersionDate "2020.10.23"]
[SourceQuality "1"]
[TimeControl "40/5400+30:1800+30"]
[WhiteClock "0:17:26"]
[BlackClock "0:01:33"]

1. e4 c5 2. Nf3 g6 3. d4 cxd4 4. Nxd4 Bg7 (4... Nc6 5. c4 Nf6 6. Nc3 d6 7. Be2 Nxd4 8. Qxd4 Bg7 9.
Be3 O-O 10. Qd2 a5 (10... Be6) (10... Qa5) 11. f3 a4 12. O-O (12. Kf2 $5 {
Une idée récente de CARUANA gardant l'option d'attaquer à l'aile-roi} Qa5
13. Rac1 (13. Rab1) 13... Be6 (13... Bd7 $143 {
Le coup naturel mais qui donne des bons résultats pour les Blancs} 14. Nd5 $1 Nxd5 15. Qxa5 Rxa5 16. cxd5 Bxb2 17. Rc7 Bc8 18. Rxe7 Ra8
19. Rb1 a3 20. Rc7 $16 {Firat,B (2468)-Iliaguev,N (2366) EU-ch 20th Skopje
2019 (7) 1-0}) (13... Rd8 14. Rhd1 (14. h4 $5 Be6 15. Nd5 Qxd2 16. Bxd2 Nxd5
17. cxd5 Bd7 18. Bc3 a3 $132)) 14. Nd5 Bxd5 15. Qxa5 Rxa5 16. cxd5 e6 (16...
Nd7 17. Rc7 $36 {Caruana,F (2827)-Antipov,M (2580) Gibraltar Masters 15th 2017
(5) 1-0}) 17. dxe6 fxe6 18. Ke1 Nd7 19. Rc2 b5 {McShane,L
(2640)-Jones,G (2654) GBR-ch KO London 2017 (1.2) 1-0} (19... Ne5 20. Kd2 d5))
12... Qa5 $132) 5. c4 (5. Nc3) 5... Nc6 6.
Be3 Nf6 7. Nc3 O-O 8. Be2 b6 (8... d6 {La grande ligne
du dragon accéléré} 9. O-O Bd7 10. Nc2 (10. h3 Nxd4 11. Bxd4 Bc6 12. Qc2 {
La dernière mode}) 10... Rc8 11. f3 Qa5 (11... Na5 12. b3 Ng4 13. Bd2 Qb6+ 14.
Kh1 Nf2+ 15. Rxf2 Qxf2 16. Nd5 $1 $40 {Madl,I (2356)-Rigo,J (2264) Zalakaros
op 34th 2015 (3) 1-0}) (11... Ne5 12. Na3 (12. b3 a6 13. Nd5 Nxd5 14. exd5 f5 {
Tabatt,H (2318)-Moeldner,J (2202) Oberliga Sued W 1718 2017 (1.7) 1-0})) (11...
a6 12. Qd2 Ne5 13. Na3 Be6 14. Nd5 Bxd5 15. exd5) 12. Qd2 Rfe8 13. Rac1 a6 14.
a3 Ne5 15. c5 (15. b4) 15... Be6 (15... dxc5 16. f4 Nc6 17. e5
$44) 16. cxd6 {Lupulescu,C (2361)-Jakab,A (2328) HUN-ROM m U20 1999 (2) 1-0})
9. O-O (9. f4 $5 Bb7 10. Bf3 Rc8 11. b3 d6 12. O-O Nd7 13.
Nde2 $14 {Badea,B (2545)-Aleksic,N (2445) Porto San Giorgio op 10th 1998 (5) 1/
2}) 9... Bb7 10. f3 e6 {[%emt 0:02:18][%cal
Gd7d5] L'idée de la variante b6} 11. Qd2 d5 (11... Qe7 12. Ndb5 $14 ) 12. Nxc6 Bxc6 13. cxd5 exd5 14. e5 Ne8 15. f4 f6 16. exf6 {
[%emt 0:05:18] Les alternatives Rad1 ou Bd4 donne des meilleures chances de
laisser un avantage d'ouverture} (16. Rad1 $142 $1 Nc7 (16... fxe5 17. Nxd5 Nf6
18. Nb4 Qxd2 19. Bxd2 Bb7 20. fxe5 Ne4 21. Bf4 $14 {Ragger,M (2615)-Greenfeld,
A (2557) New Delhi Parsvnath op 9th 2011 (10) 1-0}) 17. exf6 (17. Bd4 fxe5 18.
Bxe5) 17... Qxf6 18. Bd4 Qxd4+ 19. Qxd4 Bxd4+ 20. Rxd4 Ne6 21. Rd2 Nxf4 22. Bf3
Rad8 23. g3 Ne6 24. Bxd5 Rxf1+ 25. Kxf1 Kg7 26. Ke2 Bxd5 27. Rxd5 Kf6 28. Rxd8
Nxd8 29. Kd3 Ke5 30. Kc4 a6 31. a4 Nb7 32. b4 Nd6+ 33. Kd3 b5 34. a5 g5 35. Ne2
Nf5 36. Nc1 Ne7 37. Nb3 Nd5 38. Nc5 Nxb4+ 39. Kc3 Nd5+ 40. Kd3 Nc7 41. g4 h6
42. Nd7+ Kf4 43. Nf6 Ne6 44. h3 Kg3 45. Ke4 Kxh3 {Lagno,K (2542)-Guseinov,G 
(2631) Khanty-Mansiysk 2013 0-1}) (16. Bd4) 16... Nxf6 17. f5 gxf5 18. Rxf5 Ne4 19. Rxf8+ Qxf8 20. Nxe4 dxe4 21. Rf1 Qd8 22.
Qb4 $1 {[%emt 0:05:08][%csl Ra8,Rg8] Le P passé est bloqué et le Blancs
gardent un petit avantage d'ouverture} Kh8 23. Rd1 $6 (23. Rf7 $142 $1 $36 Bd5 24. Rxg7 $1 Kxg7 25. Qd4+ $40) 23...
Qf8 24. Qd6 Qxd6 25. Rxd6 Be8 26. b3 Bf7 27. Rd7 Kg8 28. Re7 Bd5 (28... Bg6) 29. Bg4 Kf8 30.
Rd7 Bf7 31. g3 Bf6 32. Bf5 $16 Bg6 33. Be6 Be7 34. Bc4 (34. Kf1) 34... Bc5 35. Kf2 (35. Bxc5+ bxc5 36. Kf2 (36. Rc7) 36... Ke8 37. Rc7 Rd8 38. Ke3 $36) 35... a5 (35...
Bxe3+ 36. Kxe3) 36. Bxc5+ bxc5 37. Rc7 $2 {
[%emt 0:00:18] Joué à tempo et laissant un peu de contre-jeu aux Noirs} (37.
a4 $142 $5 {[%csl Ra5,Gc4,Rc5] Bloquant les deux faiblesses et les Blancs ont
des bonnes chances de gain}) 37... a4 38. Rxc5 axb3 39. Bxb3 Rd8 40. Ke2 Rd3 $132 41. Bc2 Rf3 42. Rc7 h5 43. Rc6 Bf7 44. a4 Ra3 $11 45. Rc5 Ke7 46. Bxe4 Rxa4 47. Kf3 Kf6 48.
Kf4 Rb4 49. Rc6+ Kg7 50. Rd6 Ra4 51. h3 Rb4 52. g4 hxg4 53.
hxg4 Ra4 54. g5 Rb4 55. Rd7 Kf8 56. Ke3 Rb3+ 57. Kf2 Rb4 58.
Kf3 Rb3+ 59. Kf4 Rb4 60. Ke3 Rb3+ 61. Kd4 Rb4+ 62. Kd3 Rb3+ 63. Kd4 Rb4+ 64. Ke5 Rb5+ 65. Kf4 Rb4 66. Rd6 Ke7 67. Ke5 Rxe4+ 68. Kxe4 Kxd6 69. Kf5 1/2-1/2

[Event "Sautron op 14th"]
[Site "Sautron"]
[Date "2014.10.25"]
[Round "8"]
[White "Koziak, Vitali"]
[Black "Barbot, Pierre"]
[Result "1/2-1/2"]
[ECO "B38"]
[WhiteElo "2456"]
[BlackElo "2440"]
[Annotator "RR"]
[PlyCount "50"]
[EventDate "2014.10.26"]
[EventType "swiss"]
[EventRounds "9"]
[EventCountry "FRA"]
[SourceTitle "EXT 2015"]
[Source "ChessBase"]
[SourceDate "2014.11.20"]
[SourceVersion "1"]
[SourceVersionDate "2014.11.20"]
[SourceQuality "1"]
[TimeControl "40/5400+30:1800+30"]
[WhiteClock "0:11:50"]
[BlackClock "0:46:55"]

1. Nf3 Nf6 2. c4 g6 3. Nc3 Bg7 4. e4 c5 5. d4 cxd4 6. Nxd4 O-O 7. Be2 Nc6 8. Be3 d6 9. O-O Bd7 10. Qd2 (10. Nc2 {[%csl Rd7] L'alternative
pour empêcher d'activer le Bd7}) 10... Nxd4 11. Bxd4 Bc6 12. f3 a5 13. Rab1 Nd7 14. Be3 a4 $5
{[%emt 0:00:34] La préparation du clichois} (14... Nc5 15. Rfc1 Be5 16. b3 e6
17. Bf1 Qe7 18. Rc2 f5 19. exf5 Rxf5 20. Ne2 Raf8 21. f4 Ne4 22. Qd3 Bg7 23.
Ng3 Nxg3 24. hxg3 e5 25. Re2 exf4 26. Bxf4 Qf7 27. Ree1 Rxf4 28. gxf4 Qxf4 29.
Rbd1 Be5 30. Rxe5 Qf2+ 31. Kh2 dxe5 32. Qg3 Rf4 33. Qxf2 Rxf2 34. a3 Rb2 35.
Rd3 Kg7 36. Re3 Kf6 37. Be2 e4 38. Kg1 Ke5 39. Kf2 Bd7 40. Ke1 {0-1 (40)
Kveinys,A (2527)-Iturrizaga Bonelli,E (2653) Riga 2014}) 15. b4 (15. Rfc1 Nc5 16. Bd1 Re8 17. b4 $14) 15... axb3 16. axb3 Ra3 17. Rfc1 Nc5 18. Bd1 Qa8 19. b4 $14 Ne6 20. Kh1 (20. Bb3 Rc8 21. Nd5 Bxd5 22. exd5 Nf8 23. c5 $16 {Borges
Mateos,J (2453)-Galego,L (2506) Capablanca Memorial Premier II 38th 2003 (11)
1-0}) 20... Nc7 $146 {[%emt 0:11:58] Un coup bizarre} (20... Re8 21. Nd5 Ra2
22. Qe1 Bxd5 23. cxd5 Nd4 24. b5 Qa3 25. Rc4 Qd3 26. Rbc1 Nxb5 27. Bg1 Bh6 28.
Ba4 Rxa4 29. Rxa4 Bxc1 30. Qxc1 Nc3 31. Rd4 Ne2 32. Rxd3 Nxc1 33. Rd2 Rc8 34.
Rb2 Rc7 35. Bb6 Rc3 36. Rb1 Nd3 37. Be3 Nc5 38. Bf2 Nb3 39. Kg1 b5 40. Kf1 Rc1+
41. Rxc1 Nxc1 42. Be3 Nb3 43. Ke2 f5 44. exf5 gxf5 45. Kd3 Nc5+ 46. Kc3 Kf7 47.
Bd4 b4+ 48. Kc4 b3 49. g3 f4 50. gxf4 {Hermansson,E (2340)-Wall,T (2370)
Oxford 1998 1/2-1/2 (64)}) 21. Nd5 (21. Bb6 Rc8) 21... Nxd5 22. exd5 Bd7 23. Bd4 Ra2 24. Bc2 Bxd4 25. Qxd4 Rc8 1/2-1/2